 Dungeon Crawl Stone Soup version 0.29.1-1-gd02db6906a (webtiles) character file.

Game seed: 13323940638373341524

161 Demigod47 the Covered (level 5, 0/47 HPs)
             Began as a Minotaur Fighter on Oct 10, 2022.
             Succumbed to an adder's poison
             ... on level 4 of the Dungeon.
             The game lasted 00:06:08 (2361 turns).

Demigod47 the Covered (Minotaur Fighter)            Turns: 2361, Time: 00:06:08

Health: 0/47       AC: 13    Str: 21 (22) XL:     5   Next: 18%
Magic:  4/4        EV:  6    Int:  2 (5)  God:
Gold:   229        SH:  5    Dex: 13 (16) Spells: 4/4 levels left

rFire   . . .      SeeInvis .   a - +0 flail
rCold   + . .      Faith    .   c - +0 buckler
rNeg    . . .      Spirit   .   p - +0 plate armour
rPois   .          Reflect  .   (helmet restricted)
rElec   .          Harm     .   (no cloak)
rCorr   .          Rampage  .   (no gloves)
Will    .....                   k - +0 pair of boots
Stlth   ..........              (no amulet)
HPRegen 0.15/turn               o - +6 ring of dexterity
MPRegen 0.09/turn               (no ring)

@: lethally poisoned (0 -> -3)
A: horns 2, retaliatory headbutt, claws 1, cold resistance 1
a: no special abilities


You were on level 4 of the Dungeon.
You visited 1 branch of the dungeon, and saw 4 of its levels.

You collected 229 gold pieces.

Inventory:

Hand Weapons
 a - a +0 flail (weapon)
Armour
 b - a +0 scale mail
 c - a +0 buckler (worn)
 k - a +0 pair of boots (worn)
 p - a +0 plate armour (worn)
Jewellery
 o - a +6 ring of dexterity (left claw)
Scrolls
 e - 3 scrolls of teleportation
 f - 2 scrolls of blinking {unknown}
 h - a scroll of enchant weapon {unknown}
 i - 3 scrolls of identify {unknown}
 j - a scroll of amnesia {unknown}
 n - a scroll of brand weapon {unknown}
 r - a scroll of vulnerability {unknown}
Potions
 d - a potion of might
 l - 2 potions of lignification


   Skills:
 + Level 4.3 Fighting
 + Level 4.4 Maces & Flails
 + Level 4.7 Armour
 + Level 0.8 Dodging
 + Level 4.4 Shields


You had 4 spell levels left.
You didn't know any spells.
Your spell library contained the following spells:

 Spells                   Type           Power      Damage    Failure   Level
 Ensorcelled Hibernation  Hex/Ice        0%         N/A       100%        2
 Scorch                   Fire           0%         2d5       100%        2
 Spider Form              Tmut/Pois      0%         N/A       100%        3
 Anguish                  Hex/Necr       0%         N/A       100%        4
 Flame Wave               Conj/Fire      0%         2d4       100%        4
 Summon Cactus Giant      Summ           0%         N/A       100%        6


Dungeon Overview and Level Annotations

Branches:
Dungeon (4/15)
 Temple: D:4-7

Altars:

Portals:
Sewer: D:4

Annotations:
D:4 Sigmund


Innate Abilities, Weirdness & Mutations

You have a pair of horns on your head.
You reflexively headbutt those who attack you in melee.
You have sharp fingernails.
Your flesh is cold resistant. (rC+)


Message History

* * * LOW HITPOINT WARNING * * *
You are more poisoned.
The adder poisons you!
You closely miss the adder.
The adder is moderately wounded.
You feel sick. You block the adder's attack. The adder barely misses you.
The adder bites you but does no damage. x2
You hit the adder.
The adder is moderately wounded.
You feel sick. The adder bites you but does no damage. The adder bites you.
* * * LOW HITPOINT WARNING * * *
You are lethally poisoned!
The adder poisons you!
You hit the adder but do no damage.
The adder is moderately wounded.
* * * LOW HITPOINT WARNING * * *
You feel sick.
You block the adder's attack. x2; The adder bites you.
* * * LOW HITPOINT WARNING * * *
The adder bites you but does no damage.
You sock the adder!
You kill the adder!
* * * LOW HITPOINT WARNING * * *
You feel sick. The adder bites you but does no damage.
Really quaff the potion of lignification?
Okay, then.
As you read the scroll labelled DISEAQ MADITHI, it crumbles to dust.
You feel strangely unstable.
It was a scroll of teleportation.
* * * LOW HITPOINT WARNING * * *
You feel sick. You block the adder's attack.
The adder bites you but does no damage.
Unknown command.
* * * LOW HITPOINT WARNING * * *
You feel sick. The adder barely misses you.
There is an open door, spattered with blood here.
You see here an adder corpse.
You enter the shallow water.
Moving in this stuff is going to be slow.
Your surroundings suddenly seem different.
Sigmund the Dreaded comes into view.
He is wielding a +0 scythe.
You die...

. .. #..@ ##
....#
##.##...#
#..@...#
#.....##
#......#
#........
...........
#...........
#.....####..
##...## ##


You could see Sigmund (asleep).

Vanquished Creatures
  Robin (D:2)
  5 adders
  A worm (D:3)
  A dart slug (D:3)
  3 orcs (D:3)
  7 ball pythons
  5 bats
  7 endoplasms
  7 giant cockroaches
  21 goblins
  7 hobgoblins
  4 quokkas
  5 frilled lizards
  8 kobolds
  4 rats (D:1)
86 creatures vanquished.

Notes
Turn   | Place    | Note
-------+----------+-------------------------------------------
     0 | D:1      | Demigod47 the Minotaur Fighter began the quest for the Orb.
     0 | D:1      | Reached XP level 1. HP: 19/19 MP: 0/0
   143 | D:1      | Reached XP level 2. HP: 26/27 MP: 1/1
   290 | D:1      | Found a faded altar of an unknown god.
   472 | D:1      | Reached XP level 3. HP: 33/33 MP: 2/2
  1320 | D:2      | Noticed Robin
  1327 | D:2      | Killed Robin
  1330 | D:2      | Reached XP level 4. HP: 39/40 MP: 3/3
  2274 | D:4      | Found a glowing drain.
  2317 | D:4      | Gained mutation: You have sharp fingernails. [potion of
                  | mutation]
  2317 | D:4      | Gained mutation: Your flesh is cold resistant. (rC+)
                  | [potion of mutation]
  2330 | D:4      | Reached XP level 5. HP: 47/47 MP: 4/4
  2359 | D:4      | HP: 2/47 [poisoned by an adder]
  2361 | D:4      | Noticed Sigmund
  2361 | D:4      | Succumbed to an adder's poison

Illustrated notes

Levels and vault maps discovered:
D:1:      lightli_arrival_chessboard, layout_rooms, basic_ecumenical_altar,
          serial_corexii_hall, corexii_hall_statues_u, corexii_hall_statues_u,
          corexii_hall_statues_u, corexii_hall_statues_x
D:2:      layout_basic, uniq_robin
D:3:      minmay_diamond_boxcup, layout_rooms
D:4:      layout_cave_pods, minmay_temple_entry_statues, gup_sewer_entry_glass,
          uniq_ijyb, uniq_sigmund

Skill      XL: |  1  2  3  4 |
---------------+-------------+-----
Shields        | 4 |  4.4
Fighting       | 4 |  4.3
Armour         | 4 |  4.7
Maces & Flails | 3 4 |  4.4
Dodging        | |  0.8

Action                   |  1- 3 |  4- 6 || total
-------------------------+-------+-------++-------
Melee: Flail             |    90 |    86 ||   176
       Headbutt          |     8 |    10 ||    18
  Use: Potion            |       |     6 ||     6
       Scroll            |       |     1 ||     1
Armor: Scale mail        |    63 |     1 ||    64
       Plate armour      |       |    89 ||    89
Dodge: Dodged            |    86 |    38 ||   124
Block: Buckler           |    37 |    36 ||    73
